 Dungeon Crawl Stone Soup version 0.18-a0-1514-g6ed9364 (webtiles) character file.

48170 Tomstefer the Severer (level 14, -6/132 HPs)
             Began as a Minotaur Gladiator on Mar 6, 2016.
             Was a High Priest of Okawaru.
             Mangled by a spriggan rider
             ... wielding a +0 spear
              (12 damage)
             ... on level 8 of the Lair of Beasts.
             The game lasted 00:47:56 (21614 turns).

Tomstefer the Severer (Minotaur Gladiator)         Turns: 21614, Time: 00:47:56

Health: -6/132     AC: 24    Str: 22    XL:     14   Next: 11%
Magic:  14/14      EV: 10    Int:  5    God:    Okawaru [*****.]
Gold:   929        SH:  0    Dex: 14    Spells: 0 memorised, 13 levels left

rFire  . . .     SeeInvis +     H - +4 executioner's axe (elec)
rCold  + + .     Gourm    .     k - +6 chain mail of a ziggurat {rC+ rN+ Stlth-}
rNeg   + + +     Faith    .     (shield currently unavailable)
rPois  +         Spirit   .     c - +0 hat
rElec  .         Dismiss  .     G - +2 cloak of the Country {rN+ SInv}
rCorr  .         Reflect  .     (no gloves)
SustAt .         Harm     .     m - +0 pair of boots
MR     +....                    (no amulet)
Stlth  ..........               w - ring "Lygacuth" {+Fly rPois rN+}
                                e - ring of protection from cold

@: somewhat resistant to hostile enchantments, extremely unstealthy
A: retaliatory headbutt, horns 2
a: Heroism, Finesse, Renounce Religion, Evoke Flight


You were on level 8 of the Lair of Beasts.
You worshipped Okawaru.
Okawaru was extremely pleased with you.
You were hungry.

You visited 3 branches of the dungeon, and saw 19 of its levels.
You visited the Abyss 1 time.
You also visited: Ossuary.

You collected 929 gold pieces.

Inventory:

Hand Weapons
 H - a +4 executioner's axe of electrocution (weapon)
Missiles
 d - 5 throwing nets (quivered)
 n - 9 tomahawks
Armour
 c - a +0 hat (worn)
 k - the +6 chain mail of a ziggurat (worn) {rC+ rN+ Stlth-}
   (You found it on level 7 of the Lair of Beasts)

   It protects you from cold.
   It protects you from negative energy.
   It makes you less stealthy.
 m - a +0 pair of boots (worn)
 q - a +2 plate armour of poison resistance
 G - the +2 cloak of the Country (worn) {rN+ SInv}
   (Okawaru gifted it to you on level 1 of the Lair of Beasts)

   It protects you from negative energy.
   It lets you see invisible.
Jewellery
 e - a ring of protection from cold (left hand)
 w - the ring "Lygacuth" (right hand) {+Fly rPois rN+}
   (You found it on level 9 of the Dungeon)

   [ring of flight]

   It protects you from poison.
   It protects you from negative energy.
   It lets you fly.
 X - an uncursed ring of flight
Wands
 a - a wand of iceblast (10/15)
 p - a wand of disintegration (8/24)
 J - a wand of flame (39/48)
 S - a wand of paralysis (16/24)
Scrolls
 b - 3 scrolls of teleportation
 o - 7 scrolls of remove curse
 s - 11 scrolls of identify
 u - 4 scrolls of fog
 C - a scroll of enchant weapon
 D - a scroll of blinking
 N - a scroll of holy word
 O - a scroll of recharging
 Q - a scroll of amnesia
Potions
 g - 3 potions of agility
 l - 4 potions of curing
 r - a potion of cancellation
 t - 4 potions of flight
 v - 2 potions of invisibility
 x - a potion of might
 L - 2 potions of cure mutation
 V - a potion of brilliance
 Y - a potion of haste
Miscellaneous
 T - a disc of storms
 W - a lamp of fire
Comestibles
 f - 9 bread rations
 h - 5 chunks of flesh
 j - 8 meat rations
 z - 2 slices of pizza
 A - 14 fruits
 B - 4 beef jerkies
 E - 4 royal jellies


   Skills:
 + Level 14.3 Fighting
 * Level 19.2 Axes
 - Level 2.0 Throwing
 + Level 13.9 Armour
 - Level 3.2 Dodging
   Level 5.6 Shields
 + Level 1.4 Invocations


You had 13 spell levels left.
You didn't know any spells.

Dungeon Overview and Level Annotations

Branches:
Dungeon (10/15)            Temple (1/1) D:7            Lair (8/8) D:10
  Swamp (0/4) Lair:3        Snake (0/4) Lair:4        Slime (0/6) Lair:6
    Orc: D:9-12

Altars:
Ashenzari
Cheibriados
Dithmenos
Elyvilon
Fedhas
Gozag
Kikubaaqudgha
Makhleb
Okawaru
Pakellas
Qazlal
Ru
Sif Muna
Trog
Vehumet
Xom
Yredelemnul
Zin
Jiyva

Shops:
D:4 (   D:5 =}

Annotations:
Lair:1 exclusion: oklob plant


Innate Abilities, Weirdness & Mutations

You reflexively headbutt those who attack you in melee.
You have a pair of horns on your head.


Message History

The spriggan rider closely misses you. You furiously retaliate!
You headbutt the spriggan rider!
Things that are here:
a river rat corpse x2
You slash the spriggan rider!
Your headbutt misses the spriggan rider.
The spriggan rider is heavily wounded.
The spriggan rider hits you with a spear!
* * * LOW HITPOINT WARNING * * *
You miss the spriggan rider.
The spriggan rider is heavily wounded.
The spriggan rider hits you with a spear!
* * * LOW HITPOINT WARNING * * *
You slash the spriggan rider!
The spriggan rider is severely wounded.
The spriggan rider hits you but does no damage.
You barely miss the spriggan rider.
The spriggan rider is severely wounded.
The spriggan rider hits you with a spear!
You die...

.♣... ♣........
...♣ ♣♣........
...♣ ♣.........
♣♣.. ♣.........
♣..♣♣ ♣.<.......
♣♣..♣ ♣♣.........
♣.h♣♣ ♣..........
♣..♣i♣
♣..........
♣..♣♣@♣
♣.......... ♣..♣
♣.♣♣♣♣♣..........
♣.♣
♣..♣♣............
♣.h
♣♣.♣.............
♣..
♣♣....†........
♣. ♣............
♣..%††.......
♣............
♣.<..........


You could see a spriggan rider and a wolf.

Vanquished Creatures
  Fannar (D:10)
  A hydra (Lair:7)
  Erica (D:8)
  Erolcha (D:9)
  10 death yaks (Lair:7)
  3 skeletal warriors (D:9)
  An unseen horror (D:10)
  A hill giant (D:10)
  2 griffons (Lair:4)
  An oklob plant (Lair:1)
  Joseph (D:8)
  7 black mambas
  A torpor snail (Lair:7)
  4 elephants (Lair:7)
  15 spiny frogs
  A rime drake (Lair:6)
  3 komodo dragons
  A troll (D:10)
  A spriggan druid (Lair:8)
  4 polar bears
  20 blink frogs
  Prince Ribbit (Lair:3)
  2 redbacks (Lair:8)
  2 spriggans
  3 fire bats (Lair:1)
  43 yaks
  3 basilisks
  A hungry ghost (D:10)
  8 hippogriffs
  8 wolves
  15 water moccasins
  14 porcupines
  4 orc warriors
  6 black bears
  2 phantoms
  4 sky beasts
  A wasp (Lair:4)
  6 ogres
  2 necrophages
  2 centaurs
  13 crocodiles
  A big kobold (D:10)
  12 giant frogs
  4 scorpions
  3 killer bees (D:9)
  The ghost of Tomstefer the Chopper, a weakling MiGl (D:3)
  13 wights (D:10)
  2 howler monkeys
  2 spriggan skeletons (D:10)
  An electric eel (Lair:3)
  2 crimson imps
  2 centaur zombies (D:7)
  3 quasits
  A giant frog zombie (D:9)
  6 orc priests
  2 giant frog skeletons
  4 hounds
  5 centaur skeletons
  9 iguanas
  11 worker ants
  8 orc wizards
  18 sheep
  13 mummies (Ossuary)
  A worker ant zombie (D:9)
  10 gnolls
  2 howler monkey skeletons
  12 adders
  79 river rats
  A shadow imp (D:10)
  2 oozes
  An adder skeleton (D:9)
  2 worms (D:2)
  A dart slug (D:2)
  5 giant geckos
  48 orcs
  8 bats
  5 giant cockroaches
  4 goblins
  9 hobgoblins
  6 jackals
  11 kobolds
  7 quokkas
  A ball python (D:5)
  A ball python skeleton (D:4)
  A giant gecko skeleton (D:6)
  3 giant newts (D:2)
  3 gnoll skeletons (Ossuary)
  3 goblin skeletons (Ossuary)
  A jackal skeleton (D:7)
  An orc skeleton (Ossuary)
  A quokka skeleton (D:5)
  8 rats
  11 rat skeletons (Ossuary)
  A spectral orc (D:6)
  3 fungi
  3 plants
598 creatures vanquished.

Vanquished Creatures (others)
  A gnoll skeleton (Ossuary)
  2 bushes (D:10)
  28 fungi
  20 plants
51 creatures vanquished.

Grand Total: 649 creatures vanquished

Notes
Turn   | Place    | Note
--------------------------------------------------------------
     0 | D:1      | Tomstefer the Minotaur Gladiator began the quest for the Orb.
     0 | D:1      | Reached XP level 1. HP: 18/18 MP: 0/0
   139 | D:1      | Reached skill level 4 in Axes
   196 | D:1      | Reached XP level 2. HP: 25/25 MP: 1/1
   689 | D:2      | Found a blossoming altar of Fedhas.
   881 | D:2      | Reached XP level 3. HP: 31/31 MP: 2/2
  1019 | D:2      | Reached skill level 5 in Axes
  1298 | D:3      | Reached XP level 4. HP: 38/38 MP: 3/3
  1386 | D:3      | Noticed Tomstefer's ghost (weakling MiGl)
  1398 | D:3      | Killed Tomstefer's ghost
  1437 | D:3      | Reached skill level 6 in Axes
  1437 | D:3      | Reached XP level 5. HP: 12/46 MP: 4/4
  1991 | D:3      | Found a faded altar to an unknown god.
  2201 | D:3      | Reached skill level 1 in Armour
  2495 | D:3      | Found a deep blue altar of Sif Muna.
  2730 | D:4      | Found Bomane's Weapon Boutique.
  2735 | D:4      | Noticed a phantom
  2746 | D:4      | Killed a phantom
  2746 | D:4      | Reached XP level 6. HP: 34/53 MP: 5/5
  2882 | D:4      | Reached skill level 5 in Fighting
  2882 | D:4      | Reached skill level 7 in Axes
  2929 | D:4      | Reached XP level 7. HP: 40/61 MP: 6/6
  3155 | D:4      | Got a scorched ring mail
  3168 | D:4      | Identified the +4 ring mail "Anajidgh" {*Corrode +Fly Regen+ Stlth+} (You found it on level 4 of the Dungeon)
  3295 | D:4      | Reached skill level 8 in Axes
  3525 | D:5      | Entered Level 5 of the Dungeon
  3525 | D:5      | Found Hilank's Gadget Shoppe.
  3670 | D:5      | Found a sand-covered staircase.
  3681 | Ossuary  | Entered an ossuary
  4052 | Ossuary  | Reached skill level 9 in Axes
  4067 | Ossuary  | Reached XP level 8. HP: 70/70 MP: 7/7
  4122 | D:5      | Found a burning altar of Makhleb.
  4343 | D:5      | Found Zoluruis's Jewellery Emporium.
  5009 | D:6      | Reached skill level 5 in Armour
  5026 | D:6      | Found a basalt altar of Yredelemnul.
  5528 | D:7      | Reached skill level 10 in Axes
  5624 | D:7      | Found a glowing silver altar of Zin.
  5624 | D:7      | Found a shadowy altar of Dithmenos.
  6015 | D:7      | Found a staircase to the Ecumenical Temple.
  6340 | D:7      | Found a snail-covered altar of Cheibriados.
  6400 | D:7      | Reached XP level 9. HP: 52/80 MP: 8/8
  6406 | Temple   | Entered the Ecumenical Temple
  6719 | Temple   | Became a worshipper of Warmaster Okawaru
  6798 | D:8      | Found an iron altar of Okawaru.
  6802 | D:8      | Noticed Joseph
  6832 | D:8      | Killed Joseph
  6832 | D:8      | Reached skill level 11 in Axes
  7897 | D:8      | Noticed Erica
  7913 | D:8      | Killed Erica
  7913 | D:8      | Reached * piety under Okawaru
  7913 | D:8      | Reached skill level 12 in Axes
  8548 | D:9      | Reached XP level 10. HP: 52/91 MP: 9/9
  8791 | D:9      | Noticed a skeletal warrior
  8792 | D:9      | Noticed a skeletal warrior
  8823 | D:9      | Killed a skeletal warrior
  8823 | D:9      | Reached ** piety under Okawaru
  8824 | D:9      | Cast into level 2 of the Abyss (skeletal warrior)
  8826 | Abyss:2  | Found a corrupted altar of Lugonu.
  8839 | D:9      | Escaped the Abyss
  8842 | D:9      | Noticed a skeletal warrior
  9208 | D:9      | Gained mutation: You are somewhat resistant to further mutation. [potion of mutation]
  9208 | D:9      | Gained mutation: You are frail (-10% HP). [potion of mutation]
  9210 | D:9      | Lost mutation: You are frail (-10% HP). [potion of cure mutation]
  9210 | D:9      | Lost mutation: You are somewhat resistant to further mutation. [potion of cure mutation]
  9418 | D:9      | Noticed Erolcha
  9431 | D:9      | Killed Erolcha
  9431 | D:9      | Reached skill level 13 in Axes
  9490 | D:9      | HP: 3/93 [skeletal warrior/stone (9)]
  9508 | D:10     | Entered Level 10 of the Dungeon
  9845 | D:10     | Noticed Fannar
  9909 | D:9      | Killed a skeletal warrior
  9909 | D:9      | Reached *** piety under Okawaru
  9909 | D:9      | Reached skill level 10 in Fighting
  9943 | D:9      | Killed a skeletal warrior
 10171 | D:9      | Got a smoking pewter ring
 10495 | D:10     | Killed Fannar
 10495 | D:10     | Reached **** piety under Okawaru
 10495 | D:10     | Reached skill level 14 in Axes
 10625 | D:10     | Noticed a hill giant
 10635 | D:10     | Killed a hill giant
 10635 | D:10     | Reached XP level 11. HP: 73/101 MP: 7/10
 10796 | D:10     | Reached skill level 10 in Armour
 10945 | D:10     | Identified the ring "Lygacuth" {+Fly rPois rN+} (You found it on level 9 of the Dungeon)
 11083 | D:10     | Reached skill level 1 in Shields
 11530 | D:10     | Found a staircase to the Lair.
 11951 | D:10     | Killed an unseen horror
 12096 | D:10     | Reached skill level 15 in Axes
 12349 | D:10     | Reached ***** piety under Okawaru
 12406 | Lair:1   | Entered Level 1 of the Lair of Beasts
 12764 | Lair:1   | Received a gift from Okawaru
 13034 | Lair:1   | Got a transparent cloak {god gift}
 13045 | Lair:1   | Identified the +2 cloak of the Country {rN+ SInv} (Okawaru gifted it to you on level 1 of the Lair of Beasts)
 13370 | Lair:1   | Reached XP level 12. HP: 83/111 MP: 11/11
 13508 | Lair:1   | Reached skill level 5 in Shields
 13763 | Lair:1   | Reached skill level 16 in Axes
 14976 | Lair:2   | Reached skill level 17 in Axes
 15331 | Lair:3   | Noticed Prince Ribbit
 15356 | Lair:3   | Received a gift from Okawaru
 15412 | Lair:3   | Killed Prince Ribbit
 15637 | Lair:3   | Found a staircase to the Swamp.
 16163 | Lair:3   | Reached XP level 13. HP: 70/122 MP: 12/12
 16574 | Lair:4   | Found a staircase to the Snake Pit.
 17193 | Lair:4   | Received a gift from Okawaru
 18552 | Lair:6   | Found a staircase to the Slime Pits.
 18552 | Lair:6   | Found a viscous altar of Jiyva.
 18923 | Lair:6   | Reached skill level 18 in Axes
 19678 | Lair:7   | Received a gift from Okawaru
 20694 | Lair:7   | Got a fine chain mail
 20716 | Lair:7   | Identified the +6 chain mail of a ziggurat {rC+ rN+ Stlth-} (You found it on level 7 of the Lair of Beasts)
 21235 | Lair:7   | Reached skill level 19 in Axes
 21476 | Lair:7   | Reached XP level 14. HP: 118/132 MP: 13/13
 21529 | Lair:8   | Entered Level 8 of the Lair of Beasts
 21544 | Lair:8   | Reached skill level 1 in Invocations
 21612 | Lair:8   | HP: 5/132 [spriggan rider/spear (17)]
 21614 | Lair:8   | Mangled by a spriggan rider

Vault maps used:
D:1:      eino_arrival_druids_welcome, minmay_misc_feat_tiny,
          minmay_stone_trees_medium, minmay_misc_feat_pillars
D:2:      fedhas_altar_1
D:3:      led_sif_pool, ecumenical_altar_2
D:4:      first_bread, serial_shops, nicolae_shop_behind_doors
D:5:      bloody_makhleb, nicolae_overflow_hidden_temple, serial_shops, shop,
          shop, nicolae_ossuary_entry_ruins
D:6:      yredelemnul_forgotten_temple_becter
D:7:      lemuel_round_altar, gammafunk_temple_overflow_elements,
          minmay_temple_entry_butterflies
D:8:      basic_altar, uniq_joseph, uniq_erica
D:9:      uniq_erolcha
D:10:     minmay_lair_entry_grove, hangedman_tell_no_tales, uniq_fannar
Temple:   circular_temple_12
Lair:1:   nicolae_volcano_entry_batcave, hangedman_lair_unloving_vines,
          disabler_island, grunt_megastairs_2
Lair:2:   infiniplex_staircase_pool_2, grunt_megastairs_5, lemuel_fruit_tree
Lair:3:   gammafunk_lair_bear_cave, swamp_mist, grunt_forest_stairs_clearing,
          uniq_prince_ribbit2
Lair:4:   dummy_snake_entry
Lair:6:   slime_altar_1
Lair:8:   minmay_lair_end_enchanted_forest
Ossuary:  ossuary_due_small_catacomb

Skill      XL: |  1  2  3  4  5  6  7  8  9 10 11 12 13 14 |
---------------+-------------------------------------------+-----
Axes           | 4 5 6 7 9 10 12 14 15 17 19 | 19.2
Fighting       | 3 4 5 6 7 9 10 11 13 14 | 14.3
Armour         | 2 3 4 6 8 9 11 12 13 | 13.9
Shields        | 4 5 |  5.6
Invocations    | 1 |  1.4
Throwing       | |  2.0
Dodging        | |  3.2

Action                   |  1- 3 |  4- 6 |  7- 9 | 10-12 | 13-15 || total
-------------------------+-------+-------+-------+-------+-------++-------
Melee: War axe           |    86 |    86 |   326 |   696 |    81 ||  1275
       Executioner's axe |       |       |       |       |   266 ||   266
Invok: Heroism           |       |       |       |    12 |     5 ||    17
  Use: Scroll            |     2 |     4 |     6 |     5 |     8 ||    25
       Potion            |       |       |     3 |    19 |     2 ||    24
  Eat: Chunk             |     1 |     6 |    17 |    19 |    17 ||    60
       Bread ration      |       |       |       |     2 |       ||     2
